General information
- name: BNet
- type: Ladder team game (AT/RT)
- host: Battle.net
- saver: 1st_Panzer_Div.
map: TranquilPaths
- players: 4
- length: 23:33
- speed: Fast
- version: 1.24 W3XP
- replay type: Public
» download(152 KB)
Players
team 1 (winner)
1st_Panzer_Div. (
teal | 102 APM | 2407 actions | 23:33)
5 Death Knight
3 Death Coil
2 Unholy Aura
4 Lich
2 Frost Nova
1 Dark Ritual
1 Frost Armor
3 Crypt Lord
2 Impale
1 Spiked Carapace
» actions
| Assign group hotkey | 181 | |
| Basic commands | 263 | |
| Build / train | 67 | |
| Enter build submenu | 16 | |
| Enter hero's abilities submenu | 12 | |
| Give item / drop item | 7 | |
| Right click | 515 | |
| Select / deselect | 444 | |
| Select group hotkey | 743 | |
| Use ability | 159 | |
2407 total
» units
| Acolyte | 4 | |
| Ghoul | 2 | |
| Crypt Fiend | 7 | |
| Necromancer | 4 | |
| Obsidian Statue | 2 | |
| Abomination | 2 | |
| Banshee | 8 | |
29 total
» upgrades
| Web | 1 | |
| Skeletal Longevity | 1 | |
| Creature Attack | 1 | |
| Necromancer Training | 2 | |
| Skeletal Mastery | 1 | |
| Disease Cloud | 1 | |
| Unholy Armor | 1 | |
| Unholy Strength | 1 | |
| Cannibalize | 1 | |
| Ghoul Frenzy | 1 | |
| Banshee Training | 2 | |
| Destroyer Form | 1 | |
| Creature Carapace | 1 | |
15 total
» buildings
| Crypt | 1 | |
| Altar of Darkness | 1 | |
| Ziggurat | 7 | |
| Graveyard | 1 | |
| Tomb of Relics | 1 | |
| Nerubian Tower | 1 | |
| Halls of the Dead | 1 | |
| Temple of the Damned | 2 | |
| Slaughterhouse | 1 | |
| Black Citadel | 1 | |
| Sacrificial Pit | 1 | |
18 total
» build order
00:10 Crypt
00:14 Altar of Darkness
00:28 Ziggurat
01:04 Graveyard
01:31 Tomb of Relics
01:53 Ziggurat
01:58 Ziggurat
02:31 Nerubian Tower
03:48 Halls of the Dead
04:27 Ziggurat
04:56 Ziggurat
06:40 Temple of the Damned
06:43 Slaughterhouse
08:12 Black Citadel
11:42 Ziggurat
14:49 Temple of the Damned
15:28 Ziggurat
19:19 Sacrificial Pit
» items
| Rod of Necromancy | 1 | |
| Orb of Corruption | 1 | |
| Scroll of Town Portal | 2 | |
| Scroll of Protection | 1 | |
5 total
first_time (
red | 67 APM | 1579 actions | 23:32)
4 Archmage
2 Summon Water Elemental
2 Brilliance Aura
4 Mountain King
2 Storm Bolt
2 Bash
2 Paladin
1 Holy Light
1 Divine Shield
» actions
| Basic commands | 50 | |
| Build / train | 71 | |
| Enter build submenu | 26 | |
| Enter hero's abilities submenu | 10 | |
| Give item / drop item | 2 | |
| Right click | 864 | |
| Select / deselect | 429 | |
| Use ability | 127 | |
1579 total
» units
| Peasant | 12 | |
| Footman | 7 | |
| Mortar Team | 5 | |
| Priest | 1 | |
| Sorceress | 8 | |
| Knight | 5 | |
| Siege Engine | 3 | |
41 total
» upgrades
| Defend | 1 | |
| Lumber Harvesting | 1 | |
| Magic Sentry | 1 | |
| Flare | 1 | |
| Fragmentation Shards | 1 | |
| Animal War Training | 1 | |
| Sorceress Training | 2 | |
| Barrage | 1 | |
| Plating | 1 | |
10 total
» buildings
| Altar of Kings | 1 | |
| Farm | 12 | |
| Barracks | 1 | |
| Scout Tower | 2 | |
| Arcane Tower | 1 | |
| Keep | 1 | |
| Arcane Vault | 1 | |
| Lumber Mill | 1 | |
| Blacksmith | 1 | |
| Arcane Sanctum | 1 | |
| Workshop | 2 | |
| Castle | 1 | |
| Town Hall | 2 | |
27 total
» build order
00:11 Altar of Kings
00:16 Farm
00:20 Barracks
00:58 Farm
01:35 Scout Tower
01:45 Farm
02:03 Arcane Tower
03:27 Keep
03:49 Farm
03:54 Arcane Vault
04:30 Lumber Mill
04:39 Blacksmith
06:10 Arcane Sanctum
06:15 Workshop
06:27 Farm
07:16 Castle
08:56 Farm
11:04 Farm
11:26 Farm
12:37 Town Hall
13:43 Farm
14:54 Farm
15:06 Scout Tower
17:23 Farm
19:19 Workshop
19:50 Farm
21:50 Town Hall
» items
| Scroll of Regeneration | 2 | |
| Scroll of Town Portal | 2 | |
4 total
team 2 (loser)
answersoreloser (
purple | 130 APM | 3064 actions | 23:31)
5 Death Knight
3 Death Coil
2 Unholy Aura
3 Lich
2 Frost Nova
1 Frost Armor
» actions
| Assign group hotkey | 39 | |
| Basic commands | 138 | |
| Build / train | 63 | |
| ESC pressed | 1 | |
| Enter build submenu | 19 | |
| Enter hero's abilities submenu | 8 | |
| Give item / drop item | 5 | |
| Remove unit from queue | 2 | |
| Right click | 1397 | |
| Select / deselect | 517 | |
| Select group hotkey | 772 | |
| Use ability | 100 | |
3064 total
» units
| Acolyte | 5 | |
| Ghoul | 3 | |
| Crypt Fiend | 7 | |
| Obsidian Statue | 4 | |
| Abomination | 10 | |
29 total
» upgrades
| Web | 1 | |
| Destroyer Form | 1 | |
| Burrow | 1 | |
| Disease Cloud | 2 | |
| Creature Attack | 1 | |
6 total
» buildings
| Graveyard | 1 | |
| Crypt | 1 | |
| Altar of Darkness | 1 | |
| Ziggurat | 7 | |
| Tomb of Relics | 1 | |
| Halls of the Dead | 4 | |
| Spirit Tower | 1 | |
| Slaughterhouse | 2 | |
| Black Citadel | 1 | |
| Sacrificial Pit | 1 | |
20 total
» build order
00:08 Graveyard
00:18 Crypt
00:45 Altar of Darkness
01:02 Ziggurat
01:27 Tomb of Relics
01:43 Ziggurat
02:03 Ziggurat
04:16 Halls of the Dead
04:16 Halls of the Dead
04:40 Ziggurat
06:10 Spirit Tower
07:13 Slaughterhouse
07:18 Ziggurat
07:45 Black Citadel
11:29 Slaughterhouse
12:45 Ziggurat
14:18 Sacrificial Pit
14:51 Ziggurat
» items
| Rod of Necromancy | 2 | |
| Scroll of Town Portal | 5 | |
| Orb of Corruption | 1 | |
| Potion of Lesser Invulnerability | 1 | |
9 total
Oblivinated (
yellow | 110 APM | 2516 actions | 22:58)
5 Archmage
3 Summon Water Elemental
2 Brilliance Aura
3 Mountain King
2 Storm Bolt
1 Thunder Clap
» actions
| Assign group hotkey | 50 | |
| Basic commands | 121 | |
| Build / train | 78 | |
| Enter build submenu | 32 | |
| Enter hero's abilities submenu | 9 | |
| Give item / drop item | 4 | |
| Remove unit from queue | 8 | |
| Right click | 1111 | |
| Select / deselect | 592 | |
| Select group hotkey | 411 | |
| Use ability | 100 | |
2516 total
» units
| Peasant | 23 | |
| Footman | 8 | |
| Priest | 5 | |
| Spell Breaker | 1 | |
| Mortar Team | 2 | |
| Sorceress | 1 | |
| Gryphon Rider | 10 | |
50 total
» upgrades
» buildings
| Altar of Kings | 1 | |
| Farm | 14 | |
| Barracks | 1 | |
| Lumber Mill | 1 | |
| Keep | 1 | |
| Town Hall | 1 | |
| Arcane Sanctum | 4 | |
| Blacksmith | 1 | |
| Arcane Vault | 2 | |
| Gryphon Aviary | 2 | |
| Workshop | 1 | |
| Castle | 1 | |
30 total
» build order
00:09 Altar of Kings
00:17 Farm
00:18 Farm
00:25 Barracks
01:00 Farm
01:40 Farm
02:10 Farm
03:03 Farm
03:04 Farm
03:05 Farm
03:09 Lumber Mill
04:38 Keep
04:51 Town Hall
07:33 Arcane Sanctum
07:37 Arcane Sanctum
07:38 Blacksmith
07:44 Arcane Sanctum
07:57 Arcane Vault
07:59 Arcane Vault
10:45 Farm
11:16 Farm
11:43 Gryphon Aviary
12:19 Arcane Sanctum
12:21 Workshop
13:03 Castle
13:35 Farm
13:56 Farm
14:18 Farm
14:58 Gryphon Aviary
15:42 Farm
» items
| Rod of Necromancy | 1 | |
| Scroll of Town Portal | 2 | |
| Potion of Healing | 1 | |
4 total
Chat log
(00:20 / Allies) 1st_Panzer_Div.: mirror
(00:49 / Allies) first_time: mirros suck
(00:52 / Allies) 1st_Panzer_Div.: w/e
(01:04 / Allies) first_time: cuz we hardly ever play vs them
(01:43 / Allies) 1st_Panzer_Div.: they may expo this map
(01:45 / Allies) 1st_Panzer_Div.: it's p. ez
(01:52 / Allies) first_time: easy to find too
(02:06 / Allies) 1st_Panzer_Div.: yeah but they can do it fast any time
(02:09 / Allies) 1st_Panzer_Div.: hope we get wards
(02:23 / Allies) 1st_Panzer_Div.: get it fast
(02:26 / Allies) 1st_Panzer_Div.: err or w/e
(02:39 / Allies) 1st_Panzer_Div.: lol
(02:54 / Allies) 1st_Panzer_Div.: so grubby has this new thing
(02:59 / Allies) 1st_Panzer_Div.: a moving surround for creeps
(03:05 / Allies) 1st_Panzer_Div.: so good
(03:06 / Allies) first_time: ?
(03:09 / Allies) 1st_Panzer_Div.: they never attack
(03:28 / Allies) 1st_Panzer_Div.: got item not xp
(03:38 / Allies) 1st_Panzer_Div.: nvm got 1
(04:16 / Allies) first_time: hm
(04:18 / Allies) first_time: m
(04:22 / Allies) 1st_Panzer_Div.: lol
(04:33 / Allies) 1st_Panzer_Div.: hit prolly get workers
(04:57 / Allies) first_time: or a fiend
(05:06 / Allies) 1st_Panzer_Div.: b
(05:19 / Allies) 1st_Panzer_Div.: err get that creep
(05:23 / Allies) 1st_Panzer_Div.: ?
(05:27 / Allies) 1st_Panzer_Div.: defend it's ez
(05:29 / Allies) first_time: waiting for him to get it
(05:42 / Allies) 1st_Panzer_Div.: yup
(05:46 / Allies) 1st_Panzer_Div.: maybe too late
(05:59 / Allies) 1st_Panzer_Div.: he got it up
(06:33 / Allies) 1st_Panzer_Div.: he got an expo
(06:47 / Allies) 1st_Panzer_Div.: shit got real
(06:56 / Allies) 1st_Panzer_Div.: care
(07:21 / Allies) 1st_Panzer_Div.: FUCK I LSOT A FINED
(07:55 / Allies) 1st_Panzer_Div.: hit
(08:01 / Allies) 1st_Panzer_Div.: the expo
(08:04 / Allies) first_time: k
(08:15 / Allies) 1st_Panzer_Div.: wow
(08:36 / Allies) 1st_Panzer_Div.: yeah we can do this
(08:40 / Allies) first_time: dang i keep getting shit for items
(08:59 / Allies) 1st_Panzer_Div.: we gotta hope here
(09:13 / Allies) 1st_Panzer_Div.: if it's mass towered don't run in?
(09:17 / Allies) first_time: yea
(09:24 / Allies) 1st_Panzer_Div.: get wokresr
(09:43 / Allies) 1st_Panzer_Div.: DK
(09:59 / Allies) 1st_Panzer_Div.: AM
(10:41 / Allies) 1st_Panzer_Div.: gg
(10:45 / Allies) first_time: yup
(11:15 / Allies) 1st_Panzer_Div.: haha
(11:20 / Allies) first_time: lol
(11:27 / Allies) 1st_Panzer_Div.: xpo?
(12:04 / Allies) 1st_Panzer_Div.: b
(12:20 / Allies) 1st_Panzer_Div.: breakres on frenzy lol
(13:45 / Allies) 1st_Panzer_Div.: getting mana then hit ud
(13:53 / Allies) first_time: k
(14:01 / Allies) 1st_Panzer_Div.: no twoer
(14:09 / Allies) first_time: both
(14:12 / Allies) 1st_Panzer_Div.: I got a tp
(14:13 / Allies) 1st_Panzer_Div.: flank
(14:21 / Allies) first_time: shit
(14:37 / Allies) 1st_Panzer_Div.: woo lost
(14:42 / Allies) 1st_Panzer_Div.: a hero
(14:43 / Allies) 1st_Panzer_Div.: wow
(14:56 / Allies) 1st_Panzer_Div.: any towers?
(15:03 / Allies) 1st_Panzer_Div.: don't tank
(15:04 / Allies) 1st_Panzer_Div.: he got aboms
(15:14 / Allies) 1st_Panzer_Div.: shade that didn't shadify
(15:36 / Allies) 1st_Panzer_Div.: get hi shall
(15:51 / Allies) 1st_Panzer_Div.: care they bothh
(16:03 / Allies) first_time: lost 2 casters
(16:18 / Allies) 1st_Panzer_Div.: lemme pop out some banshee for aboms
(16:28 / Allies) 1st_Panzer_Div.: get that if you can
(16:42 / Allies) 1st_Panzer_Div.: we got no dispell
(16:50 / Allies) first_time: coming up
(16:53 / Allies) first_time: lol aboms
(16:55 / Allies) 1st_Panzer_Div.: 0/0
(16:56 / Allies) first_time: 2 fiends
(17:20 / Allies) 1st_Panzer_Div.: ?
(17:24 / Allies) first_time: ?
(17:27 / Allies) 1st_Panzer_Div.: are they comin still or red creep
(17:30 / Allies) first_time: air
(17:34 / Allies) 1st_Panzer_Div.: got web
(17:36 / Allies) 1st_Panzer_Div.: who has
(17:38 / Allies) 1st_Panzer_Div.: oh
(17:53 / Allies) first_time: tp
(19:11 / Allies) first_time: gay they got air
(19:39 / Allies) 1st_Panzer_Div.: wait
(19:52 / Allies) 1st_Panzer_Div.: lust
(19:52 / Allies) first_time: got poly
(20:17 / Allies) 1st_Panzer_Div.: expo again
(20:47 / Allies) 1st_Panzer_Div.: check hu expo and finish him
(20:50 / Allies) 1st_Panzer_Div.: this should be over
(21:13 / Allies) 1st_Panzer_Div.: get the am nuked
(21:32 / Allies) 1st_Panzer_Div.: go there
(21:35 / Allies) 1st_Panzer_Div.: man massive air
(22:15 / Allies) 1st_Panzer_Div.: no tps yet
(22:37 / Allies) 1st_Panzer_Div.: get the air